AoeStats
← Random

African Clearing

504407786Analyzed
4v4 RM · 27d ago on Sep 5, 2026· 63m 30s· 8 players
Game mode
Random Map
Map size
Large (8 player)
Population
200
Speed
Normal
Resources
Standard
Victory
Conquest
Starting age
Dark Age
Ending age
Imperial Age
RankedLock teamsTeams togetherTeam positionsShared explorationLock speedFull tech treeHidden civsTurbo modeCheats
Victory
Defeat
🇨🇳 Poles · China
1528
+16
🇨🇳 Mapuche · China
1494
+18
🇨🇳 Berbers · China
1488
+18
🇨🇳 Khitans · China
1481
+18
🇺🇸 Chinese · United States
1556
-18
🇨🇳 Mongols · China
1530
-18
🇨🇳 Khitans · China
1514
-17
🇨🇳 Vietnamese · China
1512
-17
若梦子凡
3:33 Loom
13:25 Feudal Age
17:49 Castle Age
19:59 Double-Bit Axe
24:03 Fletching
26:18 Padded Archer Armor
27:42 Bodkin Arrow
31:07 Malon
31:41 Horse Collar
32:32 Forging
35:12 Leather Archer Armor
36:49 Iron Casting
37:16 Wheelbarrow
37:11 Ballistics
42:58 Imperial Age
43:03 Elite Bolas Rider
45:38 Chemistry
46:04 Ring Archer Armor
46:12 Conscription
46:16 Butalmapu
49:39 Bow Saw
49:29 Heavy Plow
58:13 Hand Cart
57:56 Elite Kona
59:41 Blast Furnace
58:07 Elite Kona
62:19 Gold Mining
心如止水
8:23 Loom
11:20 Feudal Age
12:11 Double-Bit Axe
14:30 Forging
17:21 Scale Barding Armor
24:49 Castle Age
25:45 Light Cavalry
31:46 Wheelbarrow
33:51 Bow Saw
37:41 Domestication
40:49 Gold Mining
41:42 Town Watch
42:47 Fletching
44:15 Hand Cart
44:07 Bodkin Arrow
44:13 Padded Archer Armor
44:41 Pastoralism
44:14 Elite Skirmisher
47:47 Imperial Age
46:39 Lamellar Armor
46:45 Husbandry
47:41 Leather Archer Armor
47:48 Ballistics
47:26 Stone Mining
48:15 Thumb Ring
48:38 Bracer
49:41 Chemistry
49:21 Conscription
49:54 Ring Archer Armor
49:42 Heavy Camel Rider
50:55 Chain Barding Armor
52:34 Plate Barding Armor
53:59 Iron Casting
53:44 Ordo Cavalry
57:39 Siege Engineers
57:44 Masonry
58:55 Coinage
58:36 Guilds
63:02 Two-Man Saw
63:03 Murder Holes
爱睡觉的鳄鱼
14:10 Feudal Age
13:05 Loom
15:12 Double-Bit Axe
18:40 Castle Age
17:53 Bloodlines
18:16 Scale Barding Armor
19:21 Double-Bit Axe
19:43 Fishing Lines
21:00 Bow Saw
21:50 Horse Collar
23:28 Husbandry
24:22 Heavy Plow
25:30 Wheelbarrow
27:55 Chain Barding Armor
27:45 Forging
27:36 Gold Mining
27:37 Stone Mining
27:48 Stone Mining
35:05 Hand Cart
35:53 Szlachta Privileges
39:03 Iron Casting
44:09 Imperial Age
41:26 Town Watch
41:56 Light Cavalry
42:35 Crossbowman
43:07 Fletching
43:50 Bodkin Arrow
43:55 Padded Archer Armor
44:12 Arbalester
44:53 Bracer
44:18 Cavalier
45:59 Blast Furnace
45:32 Ballistics
45:43 Leather Archer Armor
46:21 Thumb Ring
47:32 Chemistry
48:20 Conscription
50:20 Treadmill Crane
52:46 Coinage
52:38 Bombard Tower
53:06 Crop Rotation
54:01 Stone Shaft Mining
54:31 Banking
54:04 Winged Hussar
55:56 Town Patrol
61:24 Hoardings
61:01 Masonry
61:58 Lechitic Legacy
传说中的奇迹
4:04 Loom
13:54 Feudal Age
14:57 Double-Bit Axe
17:42 Castle Age
16:25 Stone Mining
16:20 Horse Collar
19:04 Bow Saw
24:17 Fletching
25:27 Bodkin Arrow
26:54 Padded Archer Armor
28:38 Ballistics
29:43 Leather Archer Armor
31:08 Husbandry
34:02 Wheelbarrow
34:05 Kasbah
35:35 Gold Mining
39:34 Imperial Age
37:31 Bloodlines
38:08 Hand Cart
38:07 Masonry
41:16 Chemistry
40:17 Bracer
40:43 Conscription
41:49 Ring Archer Armor
43:07 Stone Shaft Mining
43:09 Gold Shaft Mining
44:02 Heavy Plow
45:58 Elite Camel Archer
吮指原味鸡
5:39 Loom
7:31 Loom
13:29 Feudal Age
17:15 Castle Age
15:22 Double-Bit Axe
16:21 Fletching
18:16 Bow Saw
20:41 Bodkin Arrow
24:12 Town Watch
24:48 Padded Archer Armor
27:07 Wheelbarrow
27:25 Husbandry
27:52 Ballistics
27:18 Horse Collar
28:34 Hand Cart
29:13 Leather Archer Armor
30:57 Stone Mining
31:00 Gold Mining
33:41 Stone Shaft Mining
36:16 Imperial Age
34:41 Bloodlines
35:53 Heavy Plow
36:44 Thumb Ring
36:59 Bracer
38:08 Chemistry
38:49 Heavy Cavalry Archer
41:30 Ring Archer Armor
42:42 Paper Money
48:29 Siege Engineers
48:05 Treadmill Crane
50:51 Elite Skirmisher
51:54 Imperial Skirmisher
香辣鸡翅
11:12 Loom
12:57 Feudal Age
14:40 Double-Bit Axe
17:09 Castle Age
16:12 Gold Mining
16:13 Stone Mining
18:40 Fletching
19:16 Bodkin Arrow
22:41 Padded Archer Armor
29:14 Husbandry
29:39 Ballistics
32:08 Bloodlines
33:20 Horse Collar
36:07 Wheelbarrow
36:37 Leather Archer Armor
36:26 Heavy Plow
36:41 Thumb Ring
42:13 Imperial Age
43:08 Bracer
44:12 Chemistry
44:02 Conscription
43:35 Light Cavalry
44:41 Forging
44:36 Scale Barding Armor
45:06 Hand Cart
46:42 Parthian Tactics
46:05 Hussar
麦辣鸡翅
11:49 Feudal Age
10:56 Loom
14:17 Forging
17:27 Double-Bit Axe
19:56 Scale Barding Armor
23:43 Castle Age
24:01 Light Cavalry
26:20 Iron Casting
26:26 Chain Barding Armor
27:08 Husbandry
36:48 Wheelbarrow
37:35 Bow Saw
45:53 Imperial Age
47:25 Heavy Camel Rider
48:51 Plate Barding Armor
48:13 Gold Mining
53:20 Hussar
Random
2:58 Loom
12:19 Feudal Age
13:28 Double-Bit Axe
14:14 Horse Collar
26:53 Castle Age
28:45 Bow Saw
36:06 Heavy Plow
37:24 Gold Mining
41:38 Fletching
42:10 Padded Archer Armor
42:39 Bodkin Arrow
44:38 Wheelbarrow
43:49 Town Watch
44:21 Leather Archer Armor
45:10 Scale Mail Armor
45:20 Forging
45:43 Ballistics
46:15 Elite Skirmisher
50:33 Imperial Age
48:20 Hand Cart
50:53 Masonry
50:35 Imperial Skirmisher
51:17 Bracer
51:47 Ring Archer Armor
52:30 Chemistry
58:00 Conscription
57:47 Guard Tower
58:29 Architecture
58:04 Great Wall
60:13 Two-Man Saw
59:46 Scale Barding Armor
60:18 Iron Casting
Connection lost

Rejoining the realm…

Still unreachable

The connection could not be restored.

Session expired

The server has moved on; the page needs a fresh start.